 Dungeon Crawl Stone Soup version 0.26-a0-652-gafc20e3620 (webtiles) character file.

Game seed: 9908066529534638006

22635 lunkers the Fighter (level 12, -10/101 (103) HPs)
             Began as a Demonspawn Venom Mage on Oct 2, 2020.
             Was an Elder of Ashenzari.
             Killed from afar by a rime drake (23 damage)
             ... with a flash freeze
             ... on level 2 of the Lair of Beasts.
             The game lasted 00:34:06 (16076 turns).

lunkers the Fighter (Demonspawn Venom Mage)        Turns: 16076, Time: 00:34:07

HP:   -10/101 (103) AC: 16    Str:  9    XL:     12   Next: 64%
MP:   15/21         EV: 11    Int: 21    God:    Ashenzari [****..]
Gold: 1041          SH:  5    Dex: 14    Spells: 13/23 levels left

rFire    . . .     SeeInvis +   h - +2 war axe (flame) (curse)
rCold    . . .     Faith    .   S - +0 buckler {reflect} (curse)
rNeg     + . .     Spirit   .   R - +0 swamp dragon scales (curse)
rPois    +         Reflect  +   a - +0 helmet (curse)
rElec    .         Harm     .   M - scarf {+Inv}
rCorr    .         Rampage  .   (no gloves)
MR       .....     Clarity  +   j - +1 pair of boots (curse)
Stlth    +.........             k - amulet of regeneration (curse)
HPRegen  0.66/turn              e - ring of positive energy (curse)
MPRegen  0.17/turn              G - ring of poison resistance (curse)

@: lethally poisoned (-10 -> -10), studying Evocations
A: talons 1, iridescent scales 2, demonic guardian 1, spiny 3
a: Curse Item, Scrying, Renounce Religion, Evoke Invisibility


You were on level 2 of the Lair of Beasts.
You worshipped Ashenzari.
Ashenzari was greatly pleased with you.
You visited 3 branches of the dungeon, and saw 14 of its levels.
You also visited: Bailey.

You collected 1956 gold pieces.
You spent 915 gold pieces at shops.

Inventory:

Hand Weapons
 h - a cursed +2 war axe of flaming (weapon)
 T - a +3 scimitar of flaming
Armour
 a - a cursed +0 helmet (worn)
 b - a +1 ring mail of magic resistance
 j - a cursed +1 pair of boots (worn)
 D - a +0 robe of magic resistance
 M - a scarf of invisibility (worn)
 R - cursed +0 swamp dragon scales (worn)
 S - a cursed +0 buckler of reflection (worn)
Jewellery
 e - a cursed ring of positive energy (left hand)
 k - a cursed amulet of regeneration (around neck)
 n - a +6 ring of dexterity
 B - a +4 ring of evasion
 G - a cursed ring of poison resistance (right hand)
 L - a +6 ring of intelligence
Wands
 q - a wand of paralysis (33)
 F - a wand of flame (25)
 Y - a wand of acid (16)
 Z - a wand of iceblast (24)
Scrolls
 f - 4 scrolls of noise {unknown}
 g - 3 scrolls of enchant weapon
 i - 6 scrolls of enchant armour {unknown}
 l - 5 scrolls of fog {unknown}
 o - 4 scrolls of magic mapping
 t - 2 scrolls of amnesia {unknown}
 u - 2 scrolls of immolation {unknown}
 w - 5 scrolls of teleportation {unknown}
 H - 2 scrolls of silence {unknown}
 O - 2 scrolls of blinking
 W - a scroll of remove curse
Potions
 c - 2 potions of invisibility
 d - 7 potions of curing
 m - 2 potions of heal wounds
 p - 2 potions of cancellation
 r - 3 potions of lignification
 s - 3 potions of resistance
 v - 5 potions of haste
 z - 5 potions of ambrosia
 A - 3 potions of stabbing
 J - 2 potions of flight
 K - 5 potions of magic
 N - a potion of mutation
 Q - a potion of brilliance {unknown}
 X - a potion of berserk rage {unknown}
Books
 x - a manual of Evocations
Miscellaneous
 C - a box of beasts (3/3)


   Skills:
 + Level 12.8 Fighting
 - Level 7.0(10.5) Axes
 - Level 3.6(5.7) Armour
 - Level 1.7(3.4) Dodging
 - Level 1.7 Stealth
 - Level 2.7(4.6) Shields
 - Level 6.0 Spellcasting
 - Level 0.8(2.6) Transmutations
 - Level 10.0(13.2) Poison Magic
 - Level 11.9(15.0) Evocations


You had 13 spell levels left.
You knew the following spells:

 Your Spells              Type           Power        Failure   Level
a - Poisonous Vapours     Pois/Air       #####.       2%          2
b - Sting                 Tmut/Pois      ####         1%          1
c - Olgreb's Toxic Radia  Pois           ######..     1%          4
d - Ignite Poison         Fire/Tmut/Pois ####....     8%          3

Your spell library contained the following spells:

 Spells                   Type           Power        Failure   Level
 Mephitic Cloud           Conj/Pois/Air  ####....     10%         3
 Apportation              Tloc           #.....       19%         1
 Shock                    Conj/Air       #...         19%         1
 Alistair's Intoxication  Tmut/Pois      #####....    26%         5
 Swiftness                Air            #.......     28%         2
 Lesser Beckoning         Tloc           #.........   50%         3
 Static Discharge         Conj/Air       #.......     50%         3
 Tukima's Dance           Hex            #.......     50%         3
 Airstrike                Air            #.........   88%         4
 Bolt of Magma            Conj/Fire/Erth #.........   99%         5
 Iskenderun's Battlesphe  Conj           #.......     99%         5
 Lightning Bolt           Conj/Air       #.........   99%         5
 Invisibility             Hex            #.......     100%        6
 Iron Shot                Conj/Erth      #.........   100%        6
 Orb of Destruction       Conj           #.........   100%        7
 Spellforged Servitor     Conj/Summ      #.........   100%        7


Dungeon Overview and Level Annotations

Branches:
Dungeon (11/15)            Temple (1/1) D:5            Lair (2/6) D:9
  Swamp (0/4) Lair:2        Snake (0/4) Lair:2       Bailey (visited)
    Orc: D:9-12

Altars:
Ashenzari
Cheibriados
Dithmenos
Elyvilon
Fedhas
Gozag
Hepliaklqana
Kikubaaqudgha
Makhleb
Nemelex Xobeh
Okawaru
Qazlal
Ru
Sif Muna
Trog
Uskayaw
Vehumet
Wu Jian
Xom
Yredelemnul
Zin
The Shining One

Shops:
D:9 ?

Annotations:
D:2 1 runed translucent door, Crazy Yiuf


Innate Abilities, Weirdness & Mutations

You have sharp toenails.
You are mostly covered in iridescent scales. (AC +4)
A weak demonic guardian rushes to your aid.
You are completely covered in sharp spines.


Message History

Press: ? - help, Dir - move target cursor, f/p - rime drake
Aim: a rime drake (heavily wounded, poisoned) Poisonous vapours surround the rime drake!
The rime drake is engulfed in poison gas.
The rime drake looks even sicker.
The rime drake bites your iron imp.
Unknown command.
Casting: Poisonous Vapours (safe; 2% risk of failure)
Confirm with . or Enter, or press ? or * to list all spells.
Aiming: Poisonous Vapours (safe; 2% risk of failure)
Press: ? - help, Dir - move target cursor, f/p - rime drake
Aim: a rime drake (severely wounded, very poisoned) Poisonous vapours surround the rime drake!
The ice encasing you melts away.
You feel sick.
Your iron imp disappears in a puff of smoke!
The rime drake is engulfed in poison gas.
The rime drake looks even sicker.
The rime drake breathes ice at you. The flash freeze hits you!!
You die...

.... #..####...### ..., ,,
,
....*.##....#.......#....
, , ....#
......#.......#...., ,
.....##..................,
....#...........k........
, ...#............§†...#,
, , ,,,
............#...)...# *
,,,, ,
............#...)5..# , *
* ..#.#.......###.@.### **
,, * ...#.#..†..†........#
,* *,
..###................# **,
* .## ##...............#
*** ** ##
#...........>...# *, * ##
##.............## ,* .#
#.P#.>......#.# *, ,, * *
.## ####........### ,,,**,
..# * ...###.... , ,, , ,


You could see a rime drake (very poisoned, catching breath) and a friendly white
imp (summoned).

Vanquished Creatures
  Erica (D:10)
  A two-headed ogre (D:10)
  2 death yaks (D:9)
  Nergalle (Lair:1)
  An unseen horror (D:10)
  2 orc knights (Bailey)
  A black mamba (Lair:1)
  2 gargoyles
  4 cane toads
  A rime drake (Lair:1)
  2 kobold demonologists (Bailey)
  A komodo dragon (Lair:2)
  A queen bee (D:11)
  A troll (D:7)
  A hornet (D:8)
  2 hippogriffs (D:10)
  Sigmund (D:5)
  A vampire (D:11)
  13 yaks
  Eustachio (D:5)
  Grum (D:9)
  A steam dragon (Lair:2)
  2 nagas (Lair:2)
  2 water moccasins
  2 porcupines (Lair:1)
  13 orc warriors
  An eye of draining (D:11)
  6 sky beasts
  4 ice beasts
  9 ogres
  3 black bears
  4 wolves (D:9)
  3 centaurs
  A necrophage (D:6)
  3 crocodiles
  A gnoll sergeant (D:6)
  13 bullfrogs
  9 scorpions
  26 killer bees
  3 wights (D:10)
  2 electric eels (Bailey)
  A howler monkey (D:7)
  2 bullfrog zombies
  A centaur zombie (D:11)
  A jelly (D:8)
  2 quasits
  7 hounds
  7 orc priests
  A gnoll shaman (D:5)
  A bullfrog skeleton (D:10)
  A centaur skeleton (D:6)
  10 orc wizards
  7 iguanas
  11 worker ants
  A hound zombie (D:5)
  2 worker ant zombies
  12 gnolls
  15 adders
  3 shadow imps
  5 white imps
  3 ufetubi
  4 oozes
  5 adder skeletons
  3 worms
  A dart slug (D:1)
  39 orcs
  4 bats
  3 giant cockroaches
  10 goblins
  26 hobgoblins
  8 jackals
  5 quokkas
  11 frilled lizards
  6 kobolds
  A leopard gecko zombie (D:7)
  3 rats
371 creatures vanquished.

Vanquished Creatures (collateral kills)
  A hydra (Lair:1)
  A death yak (D:8)
  Maggie (D:9)
  A centaur skeleton (D:11)
  A komodo dragon (Lair:2)
  A yak (D:8)
  A porcupine (Lair:2)
  A sky beast (D:5)
  An ice beast (D:5)
  A necrophage (D:7)
  An ogre (D:5)
  A centaur (D:5)
  A killer bee (D:11)
  An orc (D:9)
14 creatures vanquished.

Vanquished Creatures (others)
  An orc wizard (D:5)
  An orc (D:9)
  A fungus (Lair:1)
  A plant (Lair:1)
4 creatures vanquished.

Grand Total: 389 creatures vanquished

Notes
Turn   | Place    | Note
-------+----------+-------------------------------------------
     0 | D:1      | lunkers the Demonspawn Venom Mage began the quest for the
                  | Orb.
     0 | D:1      | Reached XP level 1. HP: 13/13 MP: 3/3
   438 | D:1      | Gained mutation: You are partially covered in sharp spines.
                  | [demonic ancestry]
   438 | D:1      | Reached XP level 2. HP: 19/19 MP: 0/5
   442 | D:1      | Learned a level 2 spell: Poisonous Vapours
  1072 | D:1      | Gained mutation: You are mostly covered in sharp spines.
                  | [demonic ancestry]
  1072 | D:1      | Reached XP level 3. HP: 24/24 MP: 2/6
  2105 | D:2      | Found a faded altar of an unknown god.
  2158 | D:2      | Reached XP level 4. HP: 30/30 MP: 5/8
  2280 | D:2      | Found a runed translucent door.
  2281 | D:2      | Noticed Crazy Yiuf
  2386 | D:2      | Learned a level 4 spell: Olgreb's Toxic Radiance
  2754 | D:3      | Noticed a phantom
  3047 | D:3      | Found an iron altar of Okawaru.
  3492 | D:4      | Noticed an ogre
  3515 | D:4      | Killed an ogre
  3515 | D:4      | Reached skill level 5 in Poison Magic
  3515 | D:4      | Reached XP level 5. HP: 21/35 MP: 0/10
  3711 | D:4      | Noticed an ogre
  3727 | D:4      | Killed an ogre
  3727 | D:4      | Reached XP level 6. HP: 41/41 MP: 3/11
  4894 | D:5      | Entered Level 5 of the Dungeon
  4995 | D:5      | Noticed Eustachio
  5013 | D:5      | Killed Eustachio
  5013 | D:5      | Gained mutation: A weak demonic guardian rushes to your
                  | aid. [demonic ancestry]
  5013 | D:5      | Reached XP level 7. HP: 46/46 MP: 1/13
  5575 | D:5      | Found a blossoming altar of Fedhas.
  5635 | D:5      | Found a staircase to the Ecumenical Temple.
  5661 | D:5      | Reached skill level 5 in Spellcasting
  5748 | D:5      | Gained mutation: You are partially covered in iridescent
                  | scales. (AC +2) [demonic ancestry]
  5748 | D:5      | Reached XP level 8. HP: 52/52 MP: 8/15
  6566 | D:5      | Noticed Sigmund
  6571 | D:5      | Reached skill level 1 in Fighting
  6571 | D:5      | Reached skill level 1 in Evocations
  6597 | D:5      | Killed Sigmund
  6597 | D:5      | Reached skill level 2 in Fighting
  6761 | Temple   | Entered the Ecumenical Temple
  6891 | Temple   | Became a worshipper of Ashenzari the Shackled
  7098 | D:6      | Reached XP level 9. HP: 61/61 MP: 13/18
  7353 | D:6      | Reached skill level 1 in Axes
  7765 | D:6      | Reached skill level 3 in Fighting
  7765 | D:6      | Reached skill level 10 in Poison Magic
  8107 | D:6      | Reached skill level 5 in Evocations
  8318 | D:7      | Reached skill level 4 in Fighting
  8569 | D:7      | Reached * piety under Ashenzari
  8635 | D:7      | Noticed a troll
  8674 | D:7      | Killed a troll
  9340 | D:8      | Reached skill level 5 in Fighting
  9379 | D:8      | Paralysed by a hornet for 2 turns
  9381 | D:8      | Gained mutation: You are completely covered in sharp
                  | spines. [demonic ancestry]
  9381 | D:8      | Reached XP level 10. HP: 65/72 MP: 13/19
 10306 | D:9      | Reached skill level 6 in Fighting
 10314 | D:9      | Found a flagged portal.
 10366 | Bailey   | Entered a bailey
 10432 | Bailey   | Learned a level 3 spell: Ignite Poison
 10523 | Bailey   | Found an iron altar of Okawaru.
 10529 | Bailey   | Noticed a sixfirhy
 10748 | Bailey   | Reached skill level 7 in Fighting
 10748 | Bailey   | Reached skill level 10 in Evocations
 10883 | Bailey   | Noticed an orc knight
 10920 | Bailey   | Killed an orc knight
 10920 | Bailey   | Reached skill level 8 in Fighting
 11131 | Bailey   | Noticed an orc knight
 11149 | Bailey   | Killed an orc knight
 11272 | Bailey   | Identified a scroll of acquirement
 11619 | D:9      | Noticed a death yak
 11619 | D:9      | Noticed a death yak
 11628 | D:9      | Noticed a death yak
 11644 | D:9      | Reached skill level 9 in Fighting
 11660 | D:9      | Killed a death yak
 11660 | D:9      | Gained mutation: You are mostly covered in iridescent
                  | scales. (AC +4) [demonic ancestry]
 11660 | D:9      | Reached XP level 11. HP: 87/87 MP: 1/20
 11696 | D:9      | Killed a death yak
 11696 | D:9      | Reached skill level 10 in Fighting
 11812 | D:9      | Acquired 894 gold pieces
 11833 | D:8      | Killed a death yak
 12024 | D:9      | Found a staircase to the Lair.
 12080 | D:9      | Reached ** piety under Ashenzari
 12252 | D:9      | Reached skill level 1 in Armour
 12256 | D:9      | Noticed Maggie
 12267 | D:9      | Noticed Grum
 12279 | D:9      | Killed Grum
 12279 | D:9      | Reached skill level 5 in Axes
 12285 | D:9      | Killed Maggie
 12444 | D:9      | Found a radiant altar of Vehumet.
 12444 | D:9      | Found a glowing golden altar of the Shining One.
 12445 | D:9      | Found a sacrificial altar of Ru.
 12445 | D:9      | Found an opulent altar of Gozag.
 12537 | D:9      | Found Urojogh's Magic Scroll Emporium.
 12542 | D:9      | Bought a scroll of acquirement for 676 gold pieces
 12542 | D:9      | Acquired a cursed +0 buckler of reflection
 12549 | D:9      | Bought a scroll of magic mapping for 45 gold pieces
 12549 | D:9      | Bought a scroll of enchant weapon for 97 gold pieces
 12549 | D:9      | Bought a scroll of blinking for 97 gold pieces
 12591 | D:10     | Entered Level 10 of the Dungeon
 12608 | D:10     | Reached skill level 11 in Fighting
 12623 | D:10     | Killed an unseen horror
 12623 | D:10     | Reached skill level 1 in Shields
 12677 | D:10     | Noticed a two-headed ogre
 12693 | D:10     | Killed a two-headed ogre
 13269 | D:10     | Noticed Erica
 13285 | D:10     | Killed Erica
 13646 | D:10     | Gained mutation: You have sharp toenails. [demonic
                  | ancestry]
 13646 | D:10     | Reached XP level 12. HP: 96/98 MP: 16/21
 14033 | D:11     | Reached *** piety under Ashenzari
 14671 | Lair:1   | Entered Level 1 of the Lair of Beasts
 14895 | Lair:1   | Noticed Nergalle
 14909 | Lair:1   | Killed Nergalle
 15058 | Lair:1   | Noticed a seven-headed hydra
 15064 | Lair:1   | Killed a four-headed hydra
 15064 | Lair:1   | Reached skill level 12 in Fighting
 15338 | Lair:1   | Reached **** piety under Ashenzari
 15922 | Lair:2   | Found a staircase to the Swamp.
 16053 | Lair:2   | Found a staircase to the Snake Pit.
 16076 | Lair:2   | Killed from afar by a rime drake

Illustrated notes

Levels and vault maps discovered:
D:1:      minmay_arrival_floating_metal, layout_loops_ring,
          chequers_serial_rivers_micro_b, grunt_decor_arrowhead,
          minmay_heptomino_d4
D:2:      layout_loops_ring, chequers_ecumenical_altar_grove, st_stairs_7,
          uniq_crazy_yiuf_cottage
D:3:      layout_loops_ring, nicolae_overflow_hidden_temple
D:4:      layout_gridville
D:5:      kennysheep_windowed_halls, layout_basic, fedhas_altar_1, temple_green,
          minmay_manual_monolith, uniq_eustachio, uniq_sigmund
D:6:      layout_loops_ring, kennysheep_cross_room,
          minmay_fractal_squares_gapless_5
D:7:      minmay_cornered_nines, layout_basic, chequers_hall_statues_wall_a
D:8:      layout_loops_cross
D:9:      layout_cave_pools, chequers_temple_overflow_statue_of_worship,
          dpeg_lair_monsters, serial_shops, kennysheep_little_box,
          enter_bailey_3, uniq_grum, uniq_maggie
D:10:     layout_loops_ring, uniq_erica
D:11:     layout_gridville, minivault_7
Temple:   nicolae_temple_elliptical
Lair:1:   layout_regular_city, uniq_nergalle
Lair:2:   layout_cave_pods, minmay_swamp_entry_reptiles,
          minmay_snake_entry_guardpost_small, uniq_gastronok

Skill      XL: |  1  2  3  4  5  6  7  8  9 10 11 12 |
---------------+-------------------------------------+-----
Poison Magic   | 4 5 7 8 9 10 | 10.0
Spellcasting   | 3 4 5 6 |  6.0
Fighting       | 2 5 9 11 12 | 12.8
Evocations     | 3 7 10 11 | 11.9
Axes           | 4 5 7 |  7.0
Armour         | 3 |  3.6
Shields        | 2 |  2.7
Dodging        | |  1.7
Stealth        | |  1.7
Transmutations | |  0.8

Action                   |  1- 3 |  4- 6 |  7- 9 | 10-12 || total
-------------------------+-------+-------+-------+-------++-------
Melee: Unarmed           |     2 |    10 |     1 |       ||    13
       Rapier            |       |       |    35 |       ||    35
       War axe           |       |       |    61 |   280 ||   341
 Cast: Sting             |    72 |    99 |       |       ||   171
       Poisonous Vapours |       |    10 |    70 |    77 ||   157
       Olgreb's Toxic Ra |       |       |    26 |    62 ||    88
       Ignite Poison     |       |       |       |     1 ||     1
Invok: Curse Item        |       |       |     5 |     2 ||     7
Evoke: Wand              |       |       |     2 |     1 ||     3
       Box of beasts     |       |       |       |     2 ||     2
  Use: Scroll            |       |       |     8 |    10 ||    18
 Stab: Paralysed         |       |       |     2 |     1 ||     3
       Sleeping          |       |       |     1 |       ||     1
       Distracted        |       |       |       |     2 ||     2
Armor: Robe              |     4 |    11 |    35 |     1 ||    51
       Ring mail         |       |       |       |    43 ||    43
       Swamp dragon scal |       |       |       |   105 ||   105
Dodge: Dodged            |    13 |    24 |   111 |   187 ||   335
Block: Buckler           |       |       |       |    49 ||    49

Table legend: (Time is in decaauts)
 A = Elapsed time spent in this place.
 B = Non-inter-level travel time spent in this place.
 C = Inter-level travel time spent in this place.
 D = Time resting spent in this place.
 E = Time spent auto-exploring this place.
 F = Levels seen in this place.
 G = Mean time per level.
                   A        B        C        D        E       F      G
               +--------+--------+--------+--------+--------+-----+--------+
         Total |  16199 |  15647 |    552 |    237 |  12551 |  15 | 1079.9 |
       Dungeon |  13455 |  12963 |    492 |    176 |  10429 |  11 | 1223.2 |
        Temple |    142 |    118 |     24 |      0 |    116 |   1 |  142.0 |
          Lair |   1404 |   1370 |     34 |      0 |   1129 |   2 |  702.0 |
        Bailey |   1196 |   1196 |      0 |     61 |    877 |   1 | 1196.0 |
               +--------+--------+--------+--------+--------+-----+--------+

Top non-repeatable levels by time:
     D:5: 1979 daAuts
     D:4: 1391 daAuts
     D:1: 1349 daAuts
  Lair:1: 1250 daAuts
    D:10: 1225 daAuts
  Bailey: 1196 daAuts
     D:6: 1182 daAuts
     D:7: 1162 daAuts
     D:2: 1089 daAuts
     D:3: 1084 daAuts
     D:9: 1071 daAuts
     D:8: 1054 daAuts
    D:11: 863 daAuts
  Lair:2: 153 daAuts
  Temple: 142 daAuts
